 Dungeon Crawl Stone Soup version 0.27.1-3-gb3d3a73c9e (webtiles) character file.

Game seed: 17472699326837778050

977 DearestLeader the Magician (level 8, -7/60 HPs)
             Began as a Gnoll Wanderer on Oct 7, 2021.
             Was a Plaything of Xom.
             Mangled by Banquo's ghost (12 damage)
             ... on level 5 of the Dungeon.
             The game lasted 00:15:38 (7108 turns).

DearestLeader the Magician (Gnoll Wanderer)         Turns: 7108, Time: 00:15:39

Health: -7/60      AC:  8    Str: 14      XL:     8   Next: 17%
Magic:  11/21      EV: 13    Int:  7 (12) God:    Xom [....*.]
Gold:   181        SH:  0    Dex: 11      Spells: 15/22 levels left

rFire    + . .     SeeInvis .   x - +0 whip (drain)
rCold    + . .     Faith    .   (no shield)
rNeg     . . .     Spirit   .   h - +0 robe {rC+}
rPois    .         Reflect  .   (helmet restricted)
rElec    .         Harm     .   (no cloak)
rCorr    .         Rampage  .   (no gloves)
Will     .....                  (no boots)
Stlth    ++........             (no amulet)
HPRegen  0.20/turn              g - ring of protection from fire
MPRegen  0.17/turn              (no ring)

@: ice-armoured, unable to read, cleaving, attractive, flying, very slightly
contaminated
A: fangs 1, strong nose, distributed training, antennae 1, iridescent scales 1,
deformed body, high mp 1, sense surroundings 1, screaming 1
a: Renounce Religion


You were on level 5 of the Dungeon.
You worshipped Xom.
You were a beloved toy of Xom.
You visited 1 branch of the dungeon, and saw 5 of its levels.

You collected 181 gold pieces.

Inventory:

Hand Weapons
 d - a +0 flail of protection
 p - a +1 vampiric dagger
 u - a +0 hunting sling
 x - a +0 whip of draining (weapon)
Missiles
 i - 53 sling bullets
Armour
 b - a +0 robe
 h - a +0 robe of cold resistance (worn)
 w - a +1 ring mail of positive energy
Jewellery
 g - a ring of protection from fire (left hand)
Scrolls
 e - 2 scrolls of blinking {unknown}
 f - 6 scrolls of identify {unknown}
 l - a scroll of immolation {unknown}
 n - a scroll of brand weapon {unknown}
 r - a scroll of enchant armour {unknown}
Potions
 a - a potion of invisibility {unknown}
 c - a potion of mutation
 k - 4 potions of curing
 m - 2 potions of attraction
 o - a potion of brilliance {unknown}
 q - a potion of heal wounds {unknown}
 s - a potion of resistance {unknown}
 t - a potion of haste {unknown}
 v - a potion of flight


   Skills:
 + Level 4.0 Fighting
 + Level 3.0 Short Blades
 + Level 3.0 Long Blades
 + Level 3.0 Axes
 + Level 3.0 Maces & Flails
 + Level 3.0 Polearms
 + Level 3.0 Staves
 + Level 3.0 Slings
 + Level 3.0 Bows
 + Level 3.0 Crossbows
 + Level 3.0 Throwing
 + Level 3.0 Armour
 + Level 4.0 Dodging
 + Level 3.9 Stealth
 + Level 5.5 Shields
 + Level 3.0 Unarmed Combat
 + Level 7.8 Spellcasting
 + Level 3.3 Conjurations
 + Level 2.4 Hexes
 + Level 2.4 Summonings
 + Level 2.4 Necromancy
 + Level 2.4 Translocations
 + Level 2.4 Transmutations
 + Level 2.4 Fire Magic
 + Level 3.3 Ice Magic
 + Level 2.4 Air Magic
 + Level 2.4 Earth Magic
 + Level 2.4 Poison Magic
 + Level 3.3 Invocations
 + Level 3.0 Evocations


You had 15 spell levels left.
You knew the following spells:

 Your Spells              Type           Power      Damage    Failure   Level
a - Freeze                Ice            28%        1d5       5%          1
b - Frozen Ramparts       Ice            14%        1d3       16%         3
c - Ozocubu's Armour      Ice            7%         N/A       16%         3

Your spell library contained the following spells:

 Spells                   Type           Power      Damage    Failure   Level
 Sublimation of Blood     Necr           3%         N/A       12%         2
 Wereblood                Tmut           6%         N/A       12%         2
 Hailstorm                Conj/Ice       7%         3d4       47%         4
 Summon Hydra             Summ           3%         N/A       100%        7


Dungeon Overview and Level Annotations

Branches:
Dungeon (5/15)             Temple (0/1) D:4

Altars:
Makhleb
Xom
The Shining One

Annotations:
D:5 1 runed translucent door, Banquo's ghost, novice DjBe


Innate Abilities, Weirdness & Mutations

You have very sharp teeth.
Your uncanny sense of smell can sniff out nearby items.
Your experience applies equally to all skills.
You have a pair of small antennae on your head.
You are partially covered in iridescent scales. (AC +2)
Armour fits poorly on your strangely shaped body.
You have an increased reservoir of magic. (+10% MP)
You passively map a small area around you.
You occasionally shout uncontrollably at your foes.


Message History

Casting: Freeze (safe; 4% risk of failure)
Confirm with . or Enter, or press ? or * to list all spells.
Aiming: Freeze (safe; 4% risk of failure)
Press: ? - help, Shift-Dir - straight line, f/p - Banquo's ghost
Aim: Banquo's ghost (heavily damaged)
You miscast Freeze.
You are very lightly contaminated with residual magic.
Nothing appears to happen.
You can read scrolls again.
Banquo's ghost is frozen!
The wall freezes Banquo's ghost.
Banquo's ghost hits you!
You feel threatened and lose the ability to read scrolls!
Your body deteriorates!
You feel dopey.
Casting: Freeze (safe; 5% risk of failure)
Confirm with . or Enter, or press ? or * to list all spells.
Aiming: Freeze (safe; 5% risk of failure)
Press: ? - help, Shift-Dir - straight line, f/p - Banquo's ghost
Aim: Banquo's ghost (heavily damaged)
You freeze Banquo's ghost.
Banquo's ghost is frozen!
Banquo's ghost is heavily damaged.
The frozen ramparts melt away.
Banquo's ghost hits you but does no damage.
It was a potion of attraction.
You feel attractive to monsters.
Xom thinks this is hilarious!
Banquo's ghost barely misses you.
It was a potion of mutation.
You feel extremely strange.
You can once more read scrolls while threatened.
You feel your surroundings grow louder You feel agile.
You feel healthier.
Xom roars with laughter!
Banquo's ghost hits you!
* * * LOW HITPOINT WARNING * * *
You feel better. Banquo's ghost hits you!
* * * LOW HITPOINT WARNING * * *
It was a potion of flight.
You feel very buoyant.
You fly up into the air.
Banquo's ghost hits you!
You die...
Xom giggles madly!

≈.≈.#.###.###..........#
#.# ≈.≈.##...##
#..#...#.#.# ,##
≈.≈.###.## #..#...#.#.#
, ..≈.# #.#
#..#..>#.#,., ≈≈≈.# #.#
#....#... ....# #.#
#.##...#.#, #..## #.#
#.###.##.# * ##.####.#
##.###.# #....#.#
#.††W@.# * ###....#
#..##### ...# #..###
#S.# * #..# #..# #..#
#..# #..######..# #..#
##..#.......# #..#
###......#'#..# #..#
......#.##≈####* #..#
###......#≈#..., * #..#


You could see Banquo's ghost.

Vanquished Creatures
  Sigmund (D:3)
  Edmund (D:5)
  2 ogres
  A scorpion (D:5)
  A howler monkey (D:4)
  A bullfrog skeleton (D:5)
  Jessica (D:3)
  Natasha (thrice) (D:2)
  4 orc wizards
  A scorpion zombie (D:3)
  5 adders
  A shadow imp (D:5)
  2 adder skeletons (D:4)
  A worm (D:2)
  3 dart slugs
  9 orcs
  2 bats (D:2)
  7 endoplasms
  2 giant cockroaches (D:1)
  10 goblins
  11 hobgoblins
  4 jackals (D:3)
  3 kobolds
  A quokka (D:1)
  7 ball pythons
  A frilled lizard (D:1)
  3 rats
88 creatures vanquished.

Vanquished Creatures (collateral kills)
  An ogre (D:4)
  A goblin (D:4)
2 creatures vanquished.

Grand Total: 90 creatures vanquished

Notes
Turn   | Place    | Note
-------+----------+-------------------------------------------
     0 | D:1      | DearestLeader the Gnoll Wanderer began the quest for the
                  | Orb.
     0 | D:1      | DearestLeader set off with the following items: a +0 club,
                  | a +0 robe, 2 potions of lignification; and the following
                  | spell memorised: Freeze; and the following spells available
                  | to memorise: Frozen Ramparts, Ozocubu's Armour, Hailstorm
     0 | D:1      | Reached XP level 1. HP: 17/17 MP: 8/8
     2 | D:1      | You fall into a shaft and drop 1 floor!
     2 | D:2      | Found a shimmering altar of Xom.
    20 | D:2      | Became a worshipper of The Xom-Meister,
                  | Xom-a-lom-a-ding-dong
    81 | D:2      | XOM: divination: detect items
   196 | D:2      | XOM: silly message
   245 | D:1      | Reached XP level 2. HP: 4/23 MP: 10/10
   567 | D:1      | XOM: divination: detect items
  1217 | D:1      | XOM: divination: detect creatures
  1230 | D:1      | XOM: divination: detect items
  1235 | D:1      | Reached XP level 3. HP: 11/28 MP: 11/11
  1311 | D:1      | XOM: silly message
  1428 | D:1      | XOM: divination: detect creatures
  1502 | D:1      | XOM: silly message
  1551 | D:2      | Found a faded altar of an unknown god.
  1567 | D:2      | XOM is BORED!
  1567 | D:2      | XOM: give mutations
  1567 | D:2      | Gained mutation: Armour fits poorly on your strangely
                  | shaped body. [Xom's mischief]
  1567 | D:2      | Gained mutation: You are partially covered in iridescent
                  | scales. (AC +2) [Xom's mischief]
  1567 | D:2      | Gained mutation: Your body sometimes deteriorates upon
                  | taking damage. [Xom's mischief]
  1647 | D:2      | Learned a level 3 spell: Frozen Ramparts
  1651 | D:2      | Learned a level 3 spell: Ozocubu's Armour
  1924 | D:2      | XOM: silly message
  1966 | D:2      | Noticed Natasha
  1968 | D:2      | XOM: enchant monster (bad)
  1973 | D:2      | HP: 1/28 [Natasha/magic dart (8)]
  1974 | D:2      | Killed Natasha
  1975 | D:2      | Reached skill level 1 in Short Blades
  1975 | D:2      | Reached skill level 1 in Long Blades
  1975 | D:2      | Reached skill level 1 in Axes
  1975 | D:2      | Reached skill level 1 in Maces & Flails
  1975 | D:2      | Reached skill level 1 in Polearms
  1975 | D:2      | Reached skill level 1 in Staves
  1975 | D:2      | Reached skill level 1 in Slings
  1975 | D:2      | Reached skill level 1 in Bows
  1975 | D:2      | Reached skill level 1 in Crossbows
  1975 | D:2      | Reached skill level 1 in Throwing
  1975 | D:2      | Reached skill level 1 in Armour
  1975 | D:2      | Reached skill level 1 in Unarmed Combat
  1975 | D:2      | Reached skill level 1 in Invocations
  1975 | D:2      | Reached skill level 1 in Evocations
  1975 | D:2      | Reached XP level 4. HP: 1/34 MP: 7/13
  2138 | D:2      | Noticed Natasha
  2280 | D:2      | XOM: smoke on damage
  2282 | D:2      | XOM: god gift: scroll labelled UCIMNI YTADI {god gift}
  2290 | D:2      | Killed Natasha
  2291 | D:2      | Reached skill level 1 in Hexes
  2291 | D:2      | Reached skill level 1 in Summonings
  2291 | D:2      | Reached skill level 1 in Necromancy
  2291 | D:2      | Reached skill level 1 in Translocations
  2291 | D:2      | Reached skill level 1 in Transmutations
  2291 | D:2      | Reached skill level 1 in Fire Magic
  2291 | D:2      | Reached skill level 1 in Air Magic
  2291 | D:2      | Reached skill level 1 in Earth Magic
  2291 | D:2      | Reached skill level 1 in Poison Magic
  2307 | D:2      | Noticed Natasha
  2317 | D:2      | Killed Natasha
  2410 | D:2      | Reached XP level 5. HP: 37/40 MP: 14/14
  3027 | D:3      | XOM: give mutations
  3027 | D:3      | Gained mutation: You occasionally shout uncontrollably at
                  | your foes. [Xom's mischief]
  3027 | D:3      | Gained mutation: You are clumsy. (Dex -2) [Xom's mischief]
  3027 | D:3      | Gained mutation: You sometimes lose the ability to read
                  | scrolls when taking damage. [Xom's mischief]
  3386 | D:3      | Noticed Jessica
  3395 | D:3      | XOM: enchant monster (bad)
  3399 | D:3      | Killed Jessica
  3402 | D:3      | XOM: 1-stop teleportation journey
  3764 | D:3      | XOM: summons friendly shadow imp
  3768 | D:3      | Reached XP level 6. HP: 24/47 MP: 9/16
  3780 | D:3      | XOM: 3-stop teleportation journey
  4105 | D:3      | Noticed Sigmund
  4131 | D:3      | Killed Sigmund
  4132 | D:3      | Reached skill level 5 in Shields
  4471 | D:3      | XOM is BORED!
  4471 | D:3      | XOM: noise
  4492 | D:3      | XOM: smoke on damage
  4802 | D:3      | XOM: give mutations
  4802 | D:3      | Gained mutation: You passively map a small area around you.
                  | [Xom's grace]
  4802 | D:3      | Gained mutation: You have an increased reservoir of magic.
                  | (+10% MP) [Xom's grace]
  4802 | D:3      | Gained mutation: You have a pair of small antennae on your
                  | head. [Xom's grace]
  4802 | D:3      | Gained mutation: You passively dampen the noise of your
                  | surroundings. [Xom's grace]
  4848 | D:4      | Found a staircase to the Ecumenical Temple.
  4982 | D:4      | XOM: butterfly on damage
  4983 | D:4      | XOM: polymorph butterfly -> steam dragon
  4986 | D:4      | Reached XP level 7. HP: 21/52 MP: 19/19
  5103 | D:4      | XOM: 3-stop teleportation journey
  5210 | D:4      | XOM: summons 4 hostile shadow creatures
  5254 | D:4      | XOM: potion effect (brilliance)
  5876 | D:4      | XOM: scenery: create altars
  5909 | D:5      | Entered Level 5 of the Dungeon
  5963 | D:5      | XOM is BORED!
  5997 | D:5      | XOM: 2-stop teleportation journey
  6233 | D:5      | XOM: 3-stop teleportation journey
  6273 | D:5      | Found a glowing golden altar of the Shining One.
  6275 | D:5      | XOM: cloud trail
  6292 | D:5      | XOM: noise
  6553 | D:5      | Noticed Edmund
  6556 | D:5      | Found a burning altar of Makhleb.
  6556 | D:5      | XOM: 9-stop teleportation journey
  6696 | D:5      | Killed Edmund
  6697 | D:5      | Reached XP level 8. HP: 7/60 MP: 9/21
  7031 | D:5      | Found a runed translucent door.
  7037 | D:5      | Noticed Banquo's ghost (novice DjBe)
  7088 | D:5      | XOM: scenery: 1 doors open
  7091 | D:5      | XOM: potion effect (heal wounds)
  7094 | D:5      | XOM: cleaving
  7106 | D:5      | Lost mutation: You sometimes lose the ability to read
                  | scrolls when taking damage. [potion of mutation]
  7106 | D:5      | Lost mutation: You passively dampen the noise of your
                  | surroundings. [potion of mutation]
  7106 | D:5      | Lost mutation: You are clumsy. (Dex -2) [potion of
                  | mutation]
  7106 | D:5      | Lost mutation: Your body sometimes deteriorates upon taking
                  | damage. [potion of mutation]
  7108 | D:5      | Mangled by Banquo's ghost

Illustrated notes

Levels and vault maps discovered:
D:1:      lemuel_arrival_behind_the_door_small, layout_rooms
D:2:      layout_loops_cross, basic_altar,
          hellmonk_ecumenical_altar_leap_of_faith, minmay_misc_feat_diagonals,
          minmay_pentomino_z4, uniq_natasha
D:3:      layout_basic, serial_aquarium, aquarium_bridge_square
          [aquarium_subvault_window, aquarium_subvault_balcony,
          aquarium_subvault_bridge, aquarium_subvault_window],
          aquarium_window_corridor_3, aquarium_window_2, aquarium_window_1,
          aquarium_window_2, aquarium_view_2d, aquarium_view_2a,
          aquarium_balcony_3b, aquarium_pool_corner, nicolae_underground_beach,
          uniq_sigmund, uniq_jessica
D:4:      layout_basic, minmay_temple_entry_gardened_gates
D:5:      layout_loops_ring, mainiacjoe_overflow_catwalk_spiral,
          ebering_ghost_sewer_d, uniq_edmund

Skill      XL: |  1  2  3  4  5  6  7 |
---------------+----------------------+-----
Conjurations   | 2 3 |  3.3
Ice Magic      | 2 3 |  3.3
Short Blades   | 1 2 3 |  3.0
Long Blades    | 1 2 3 |  3.0
Axes           | 1 2 3 |  3.0
Maces & Flails | 1 2 3 |  3.0
Polearms       | 1 2 3 |  3.0
Staves         | 1 2 3 |  3.0
Slings         | 1 2 3 |  3.0
Bows           | 1 2 3 |  3.0
Crossbows      | 1 2 3 |  3.0
Throwing       | 1 2 3 |  3.0
Armour         | 1 2 3 |  3.0
Unarmed Combat | 1 2 3 |  3.0
Invocations    | 1 2 3 |  3.3
Evocations     | 1 2 3 |  3.0
Hexes          | 1 2 |  2.4
Summonings     | 1 2 |  2.4
Necromancy     | 1 2 |  2.4
Translocations | 1 2 |  2.4
Transmutations | 1 2 |  2.4
Fire Magic     | 1 2 |  2.4
Air Magic      | 1 2 |  2.4
Earth Magic    | 1 2 |  2.4
Poison Magic   | 1 2 |  2.4
Fighting       | 3 4 |  4.0
Dodging        | 3 4 |  4.0
Stealth        | 3 |  3.9
Shields        | 5 |  5.5
Spellcasting   | |  7.8

Action                   |  1- 3 |  4- 6 |  7- 9 || total
-------------------------+-------+-------+-------++-------
Melee: Club              |    54 |       |       ||    54
       Whip              |    60 |    87 |    17 ||   164
       Hand axe          |    12 |       |       ||    12
       Bite              |     8 |    11 |     9 ||    28
       Dagger            |       |    24 |    73 ||    97
 Fire: Hunting sling     |       |       |    11 ||    11
 Cast: Frozen Ramparts   |     2 |    13 |    14 ||    29
       Freeze            |     1 |    12 |    19 ||    32
       Ozocubu's Armour  |       |     5 |     4 ||     9
  Use: Potion            |     3 |     1 |     4 ||     8
 Stab: Sleeping          |     3 |     2 |     3 ||     8
Armor: Skin              |    83 |     2 |       ||    85
       Robe              |    34 |    25 |    18 ||    77
Dodge: Dodged            |    85 |    61 |    50 ||   196
